 Dungeon Crawl Stone Soup version 0.28.0-53-g5a82cb258f (webtiles) character file.

Game seed: 12987730537595406084

179 frogsbabysitter the Chopper (level 5, 0/29 HPs)
             Began as a Vine Stalker Fighter on June 10, 2022.
             Killed from afar by Ijyb (18 damage)
             ... with a bolt of acid
             ... on level 4 of the Dungeon.
             The game lasted 00:08:36 (1756 turns).

frogsbabysitter the Chopper (Vine Stalker Fighter)  Turns: 1756, Time: 00:08:36

Health: 0/29       AC:  8    Str: 21    XL:     5   Next: 59%
Magic:  0/6        EV:  9    Int:  8    God:
Gold:   90         SH:  4    Dex: 13    Spells: 4/4 levels left

rFire   . . .      SeeInvis .   a - +0 war axe
rCold   . . .      Faith    .   c - +0 buckler
rNeg    . . .      Spirit   +   b - +0 scale mail
rPois   .          Reflect  .   (no helmet)
rElec   .          Harm     .   (no cloak)
rCorr   .          Rampage  .   q - +0 pair of gloves
Will    .....                   e - +0 pair of boots
Stlth   ..........              m - amulet of regeneration
HPRegen 1.69/turn               h - +4 ring of slaying
MPRegen 0.10/turn               (no ring)

@: no status effects
A: fangs 2, regeneration 1, magic shield, antimagic bite, no potion heal 2
a: no special abilities


You were on level 4 of the Dungeon.
You visited 1 branch of the dungeon, and saw 4 of its levels.

You collected 90 gold pieces.

Inventory:

Hand Weapons
 a - a +0 war axe (weapon)
 u - a +3 dagger
Armour
 b - a +0 scale mail (worn)
 c - a +0 buckler (worn)
 e - a +0 pair of boots (worn)
 q - a +0 pair of gloves (worn)
Jewellery
 h - a +4 ring of slaying (left hand)
 m - an amulet of regeneration (around neck)
Scrolls
 f - a scroll of teleportation {unknown}
 g - a scroll of magic mapping {unknown}
 i - a scroll of summoning {unknown}
 j - a scroll of identify {unknown}
 n - a scroll of blinking {unknown}
 t - a scroll of enchant weapon {unknown}
 v - a scroll of immolation {unknown}
Potions
 d - a potion of might
 k - a potion of heal wounds {unknown}
 l - a potion of mutation {unknown}
 o - a potion of degeneration {unknown}
 p - a potion of invisibility {unknown}
 r - 2 potions of magic {unknown}
 s - a potion of haste {unknown}


   Skills:
 + Level 3.8 Fighting
 * Level 3.9 Axes
 - Level 2.7 Armour
 - Level 2.9 Shields


You had 4 spell levels left.
You didn't know any spells.
Your spell library contained the following spells:

 Spells                   Type           Power      Damage    Failure   Level
 Apportation              Tloc           0%         N/A       85%         1


Dungeon Overview and Level Annotations

Branches:
Dungeon (4/15)
 Temple: D:4-7

Altars:

Annotations:
D:3 Grinder
D:4 Ijyb


Innate Abilities, Weirdness & Mutations

You have extremely sharp teeth.
Your natural rate of healing is unusually fast.
When hurt, damage is shared between your health and your magic reserves.
Your bite disrupts and absorbs the magic of your enemies.
Potions cannot restore your health.


Message History

You closely miss the jackal. The jackal barely misses you. x2
You slash the jackal!
You kill the jackal!
A jackal comes into view.
You block the jackal's attack.
The jackal barks!
You hit the jackal. You bite the jackal.
You kill the jackal!
You closely miss the jackal. You bite the jackal.
You kill the jackal!
A jackal comes into view.
Ijyb the Twisted Goblin comes into view.
She is wielding a +0 club and carrying a wand of acid (8).
Ijyb shouts!
The jackal closely misses you.
There is an open door, spattered with blood here.
Items here: )) [ †††.
You closely miss the jackal. Your bite misses the jackal.
The jackal bites you but does no damage.
Ijyb zaps a wand.
The bolt of acid hits the jackal!
The acid corrodes the jackal!
The jackal dies!
The bolt of acid misses you.
You see here a jackal corpse.
There is an open door, spattered with blood here.
Items here: )) [ †††.
You hit Ijyb. You bite Ijyb, but do no damage.
Ijyb is lightly wounded.
Ijyb zaps a wand.
The bolt of acid misses you.
Ijyb zaps a wand.
The bolt of acid misses you.
You slash Ijyb! You bite Ijyb, but do no damage.
Ijyb is heavily wounded.
Ijyb hits you with a +0 club.
You hit Ijyb.
Ijyb is severely wounded.
Ijyb zaps a wand.
The bolt of acid hits you!
You hit Ijyb. You bite Ijyb. You drain her power.
You feel invigorated.
Ijyb is almost dead.
Ijyb hits you with a +0 club.
Ijyb zaps a wand.
The bolt of acid hits you!!
Ouch! That really hurt!
You die...

######.........#
##....#.........#
#.....#.(.......#
#....##..##....##
#....##..##....#
##...##...#.....#
##...##...#.....#
#....##.)##....##
#...@##†)#######
#....g)...#
#.....#...#
###+###...#
####..##...#
.......#..##
.......#..##
.......'...#
.......#...#


You could see Ijyb.

Vanquished Creatures
  A bullfrog skeleton (D:4)
  An orc wizard (D:4)
  A hound skeleton (D:3)
  3 adders
  An adder skeleton (D:4)
  A dart slug (D:1)
  6 orcs (D:4)
  10 ball pythons
  7 endoplasms
  A giant cockroach (D:1)
  5 goblins
  7 hobgoblins
  6 jackals
  2 quokkas
  3 bats
  A frilled lizard (D:1)
  6 kobolds
  8 rats
70 creatures vanquished.

Vanquished Creatures (others)
  A jackal (D:4)
1 creature vanquished.

Grand Total: 71 creatures vanquished

Notes
Turn   | Place    | Note
-------+----------+-------------------------------------------
     0 | D:1      | frogsbabysitter the Vine Stalker Fighter began the quest
                  | for the Orb.
     0 | D:1      | Reached XP level 1. HP: 11/11 MP: 2/2
   104 | D:1      | Reached XP level 2. HP: 16/16 MP: 3/3
   361 | D:1      | Reached XP level 3. HP: 20/20 MP: 4/4
   878 | D:2      | Found a faded altar of an unknown god.
   886 | D:2      | Got Plato's Handbook of the Compass
  1102 | D:2      | Gained mutation: Your natural rate of healing is unusually
                  | fast. [Vine Stalker growth]
  1102 | D:2      | Reached XP level 4. HP: 24/24 MP: 5/5
  1147 | D:3      | Noticed an ogre
  1331 | D:3      | Noticed Grinder
  1635 | D:4      | Reached XP level 5. HP: 28/28 MP: 6/6
  1744 | D:4      | Noticed Ijyb
  1756 | D:4      | Killed from afar by Ijyb

Illustrated notes

Levels and vault maps discovered:
D:1:      dpeg_arrival_another_circle, layout_rooms, minmay_heptomino_h4
D:2:      layout_basic, shapermc_ecumenical_altar_rom_forum, minmay_surrounded
D:3:      wad_crossroads, layout_basic, uniq_grinder, uniq_natasha,
          uniq_crazy_yiuf_cottage
D:4:      layout_gridville, kennysheep_generic_room_15, uniq_blork_the_orc,
          uniq_sigmund, uniq_ijyb

Skill      XL: |  1  2  3  4 |
---------------+-------------+-----
Fighting       | 3 |  3.8
Axes           | 2 3 |  3.9
Armour         | |  2.7
Shields        | |  2.9

Action                   |  1- 3 |  4- 6 || total
-------------------------+-------+-------++-------
Melee: War axe           |    79 |    45 ||   124
       Bite              |    16 |    15 ||    31
Armor: Scale mail        |    31 |    16 ||    47
Dodge: Dodged            |    34 |    23 ||    57
Block: Buckler           |    12 |     6 ||    18
